 Dungeon Crawl Stone Soup version 0.27.1-1-g398f81649c (webtiles) character file.

Game seed: 9409579130446893540

124 ABBCCCDDDD the Digger (level 5, -2/34 HPs)
             Began as an Octopode Earth Elementalist on Sept 7, 2021.
             Killed by divine providence
             ... invoked by an orc priest
              (10 damage)
             ... on level 3 of the Dungeon.
             The game lasted 00:04:58 (1928 turns).

ABBCCCDDDD the Digger (Octopode Earth Elementalist) Turns: 1928, Time: 00:04:58

Health: -2/34      AC:  5    Str:  8    XL:     5   Next: 8%
Magic:  0/8        EV: 17    Int: 18    God:
Gold:   42         SH:  0    Dex: 12    Spells: 4/8 levels left

rFire    . . .     SeeInvis .   a - +0 dagger
rCold    + . .     Faith    .   (no shield)
rNeg     . . .     Spirit   .   (helmet restricted)
rPois    .         Reflect  .   o - amulet of the acrobat
rElec    .         Harm     .   c - ring of protection from cold
rCorr    .         Rampage  .   n - +4 ring of protection
Will     .....                  r - +4 ring of evasion
Stlth    +++.......             (no ring)
HPRegen  0.11/turn              (no ring)
MPRegen  0.11/turn              (no ring)
                                (no ring)
                                (no ring)

@: very slightly contaminated
A: almost no armour, amphibious, 8 rings, camouflage 1, gelatinous body 1,
(nimble swimmer 1), tentacles
a: no special abilities


You were on level 3 of the Dungeon.
You visited 1 branch of the dungeon, and saw 3 of its levels.

You collected 42 gold pieces.

Inventory:

Hand Weapons
 a - a +0 dagger (weapon)
 k - a +0 short sword
Missiles
 b - 37 stones
Armour
 l - a +0 kite shield
Jewellery
 c - a ring of protection from cold (left tentacle)
 g - an amulet of magic regeneration
 n - a +4 ring of protection (right tentacle)
 o - an amulet of the acrobat (around mantle)
 r - a +4 ring of evasion (on tentacle)
 s - a ring of ice
Scrolls
 e - a scroll of amnesia {unknown}
 f - a scroll of enchant armour {unknown}
 h - a scroll of torment {unknown}
 j - 2 scrolls of teleportation {unknown}
 q - a scroll of identify {unknown}
Potions
 d - 2 potions of berserk rage {unknown}
 i - 3 potions of curing
 m - a potion of magic {unknown}
 p - a potion of resistance {unknown}


   Skills:
 - Level 2.0 Fighting
 - Level 2.0 Dodging
 - Level 2.6 Stealth
 - Level 2.0 Spellcasting
 + Level 1.4 Conjurations
 + Level 2.6 Transmutations
 + Level 4.0 Earth Magic


You had 4 spell levels left.
You knew the following spells:

 Your Spells              Type           Power      Damage    Failure   Level
a - Sandblast             Erth           32%        2d9       3%          1
b - Stone Arrow           Conj/Erth      22%        3d8       19%         3

Your spell library contained the following spells:

 Spells                   Type           Power      Damage    Failure   Level
 Passwall                 Tmut/Erth      10%        N/A       7%          2
 Summon Small Mammal      Summ           4%         N/A       19%         1
 Petrify                  Tmut/Erth      13%        N/A       41%         4
 Call Canine Familiar     Summ           1%         N/A       47%         3
 Ozocubu's Armour         Ice            1%         N/A       47%         3
 Summon Guardian Golem    Hex/Summ       1%         N/A       47%         3
 Ozocubu's Refrigeration  Ice            0%         4d5       100%        7


Dungeon Overview and Level Annotations

Branches:
Dungeon (3/15)

Altars:

Shops:
D:2 (


Innate Abilities, Weirdness & Mutations

You cannot wear most types of armour.
You are amphibious.
You can wear up to eight rings at the same time.
Your skin changes colour to match your surroundings (Stealth+).
Your rubbery body absorbs attacks. (AC +1, EV +1)
((You are camouflaged near water. (Stealth+)))
You have tentacles for arms and can constrict up to eight enemies at once.


Message History

Confirm with . or Enter, or press ? or * to list all spells.
Aiming: Sandblast (safe; 3% risk of failure)
Press: ? - help, Shift-Dir - straight line, f/p - orc priest
Aim: an orc priest, wielding a +2 war axe of freezing and wearing a +0 scale mail (moderately wounded, 82% to hit)
The blast of sand hits the orc priest!
The orc priest is almost dead.
The orc hits you with a +0 mace.
The orc priest calls down the wrath of Beogh upon you.
Beogh smites you!
* * * LOW HITPOINT WARNING * * *
Casting: Sandblast (safe; 3% risk of failure)
Confirm with . or Enter, or press ? or * to list all spells.
Aiming: Sandblast (safe; 3% risk of failure)
Press: ? - help, Shift-Dir - straight line, f/p - orc priest
Aim: an orc priest, wielding a +2 war axe of freezing and wearing a +0 scale mail (almost dead, 82% to hit)
The blast of sand hits the orc priest but does no damage.
The orc priest is almost dead.
The orc misses you.
The orc priest hits you with a +2 war axe of freezing.
* * * LOW HITPOINT WARNING * * *
Casting: Sandblast (safe; 3% risk of failure)
Confirm with . or Enter, or press ? or * to list all spells.
Aiming: Sandblast (safe; 3% risk of failure)
Press: ? - help, Shift-Dir - straight line, f/p - orc priest
Aim: an orc priest, wielding a +2 war axe of freezing and wearing a +0 scale mail (almost dead, 82% to hit)
The blast of sand hits the orc priest but does no damage.
The orc priest is almost dead.
The orc misses you. The orc priest barely misses you.
Your magical contamination has completely faded away.
Casting: Sandblast (safe; 3% risk of failure)
Confirm with . or Enter, or press ? or * to list all spells.
Aiming: Sandblast (safe; 3% risk of failure)
Press: ? - help, Shift-Dir - straight line, f/p - orc priest
Aim: an orc priest, wielding a +2 war axe of freezing and wearing a +0 scale mail (almost dead, 82% to hit)
You miscast Sandblast.
You are very lightly contaminated with residual magic.
Nothing appears to happen.
The orc misses you.
The orc priest mumbles some strange prayers to Beogh against you.
Beogh smites you!
You die...

##..###..#####
#.....o......#
#####...###..###o#
...(......o..# #.#
#######......# #o#
######## #o#
######.##
#....o#o#
########.####@##
#.....##.# ###
#.....##.#
#.....##.### #
#..........# .#
#.....##.#.# .#
###.#.##.#.##
.#####.#.##.....
...#.......##.#.


You could see an orc priest and an orc.

Levels and vault maps discovered:
D:1:      amcnicky_arrival_blooded_trapdoor, layout_basic, st_stairs_1
D:2:      layout_rooms, chequers_ecumenical_altar_simple, serial_shops, shop,
          kennysheep_cross_room, grunt_ministairs_4, uniq_jessica
D:3:      layout_loops_cross, minmay_misc_feat_columns, dk_vineyard_1,
          uniq_robin, uniq_natasha

Notes
Turn   | Place    | Note
-------+----------+-------------------------------------------
     0 | D:1      | ABBCCCDDDD the Octopode Earth Elementalist began the quest
                  | for the Orb.
     0 | D:1      | Reached XP level 1. HP: 11/11 MP: 3/3
   113 | D:1      | Reached XP level 2. HP: 18/18 MP: 5/5
   273 | D:1      | Reached skill level 1 in Fighting
   530 | D:1      | Reached XP level 3. HP: 21/23 MP: 4/6
  1065 | D:2      | Learned a level 3 spell: Stone Arrow
  1228 | D:2      | Reached XP level 4. HP: 29/29 MP: 4/7
  1407 | D:2      | Found Raelush's Weapon Boutique.
  1453 | D:2      | Found a faded altar of an unknown god.
  1477 | D:2      | Noticed Jessica
  1497 | D:2      | Killed Jessica
  1684 | D:3      | Reached skill level 1 in Conjurations
  1700 | D:3      | Reached XP level 5. HP: 31/34 MP: 3/8
  1877 | D:3      | Reached skill level 4 in Earth Magic
  1928 | D:3      | Killed from afar by an orc priest

Table legend: (Time is in decaauts)
 A = Elapsed time spent in this place.
 B = Non-inter-level travel time spent in this place.
 C = Inter-level travel time spent in this place.
 D = Time resting spent in this place.
 E = Time spent auto-exploring this place.
 F = Levels seen in this place.
 G = Mean time per level.
                   A        B        C        D        E       F      G
               +--------+--------+--------+--------+--------+-----+--------+
         Total |   1926 |   1906 |     20 |    354 |   1055 |   3 |  642.0 |
       Dungeon |   1926 |   1906 |     20 |    354 |   1055 |   3 |  642.0 |
               +--------+--------+--------+--------+--------+-----+--------+

Top non-repeatable levels by time:
     D:1: 1004 daAuts
     D:2: 672 daAuts
     D:3: 249 daAuts

Table legend:
 A = Kills in this place as a percentage of kills in entire the game.
 B = Kills by you in this place as a percentage of kills by you in the entire game.
 C = Kills by friends in this place as a percentage of kills by friends in the entire game.
 D = Other kills in this place as a percentage of other kills in the entire game.
 E = Experience gained in this place as a percentage of experience gained in the entire game.
 F = Experience gained in this place divided by the number of levels of this place that you have seen.
                   A       B       C       D       E      F
               +-------+-------+-------+-------+-------+----------------------
         Total | 100.0 | 100.0 |   N/A |   N/A | 100.0 |  59.3
       Dungeon | 100.0 | 100.0 |   N/A |   N/A | 100.0 |  59.3
               +-------+-------+-------+-------+-------+----------------------

Action                   |  1- 3 |  4- 6 || total
-------------------------+-------+-------++-------
Melee: Dagger            |    53 |    28 ||    81
       Unarmed           |     3 |       ||     3
       Constrict         |    11 |     4 ||    15
       Tentacles         |     9 |     6 ||    15
 Cast: Sandblast         |    26 |    15 ||    41
  Use: Potion            |       |     1 ||     1
 Stab: Sleeping          |     4 |     6 ||    10
Armor: Skin              |    14 |    11 ||    25
Dodge: Dodged            |    36 |    20 ||    56

Vanquished Creatures
  Jessica (D:2)
  An orc wizard (D:3)
  An adder (D:2)
  A worm (D:2)
  2 dart slugs (D:1)
  2 orcs (D:3)
  3 bats
  7 endoplasms
  A giant cockroach (D:2)
  3 hobgoblins
  7 jackals
  2 kobolds (D:1)
  4 quokkas
  2 frilled lizards (D:2)
  8 goblins
  6 rats
51 creatures vanquished.
